 Dungeon Crawl Stone Soup version 0.29-a0-340-g6efceafd81 (webtiles) character file.

Game seed: 15822838447808591462

7690 zishaf the Frost Mage (level 11, 0/90 (93) HPs)
             Began as a Barachi Ice Elementalist on Apr 19, 2022.
             Was an Elder of Cheibriados.
             Killed by refrigeration
             ... invoked by Fannar
              (9 damage)
             ... on level 10 of the Dungeon.
             The game lasted 00:24:52 (10541 turns).

zishaf the Frost Mage (Barachi Ice Elementalist)   Turns: 10541, Time: 00:24:53

HP:   0/90 (93)     AC: 15    Str: 19    XL:     11   Next: 19%
MP:   17/17         EV: 13    Int: 34    God:    Cheibriados [****..]
Gold: 859           SH:  0    Dex: 22    Spells: 2/18 levels left

rFire   . . .      SeeInvis .   a - staff of cold
rCold   + . .      Faith    .   (no shield)
rNeg    . . .      Spirit   .   C - +0 acid dragon scales
rPois   .          Reflect  .   (no helmet)
rElec   .          Harm     .   l - +0 cloak
rCorr   +          Rampage  .   (no gloves)
Will    .....                   J - +1 pair of boots {Fly}
Stlth   ++........              q - amulet of magic regeneration
HPRegen 0.25/turn               k - +6 ring of intelligence
MPRegen 0.55/turn               r - +4 ring of protection

@: mighty, unable to hop, flying, lightly drained, very slow
A: amphibious, slowness 1, strong legs 1, +LOS
a: Hop, Renounce Religion, Bend Time, Temporal Distortion, Slouch


You were on level 10 of the Dungeon.
You worshipped Cheibriados.
Cheibriados was greatly pleased with you.
You visited 2 branches of the dungeon, and saw 11 of its levels.
You also visited: Bailey.

You collected 859 gold pieces.

Inventory:

Hand Weapons
 b - a +0 hunting sling
 c - a +2 trident of venom
 w - a +4 falchion
 A - a +0 spear of flaming
 B - a +2 scimitar of flaming
 F - the +6 quarterstaff "Ruifumih" {drain, rF- Will+ Int+3}
   (You found it in a bailey)

   A truly terrible weapon, it drains the life of any living foe it strikes.
   Int:       It affects your intelligence (+3).
   rF:        It makes you vulnerable to fire.
   Will:      It increases your willpower.
 H - the +1 flail "Rysteeq" {vamp, rN+ Int+2 SInv}
   (You took it off a kobold in a bailey)

   It occasionally heals its wielder for a portion of the damage dealt when it
   wounds a living foe.
   Int:       It affects your intelligence (+2).
   rN:        It protects you from negative energy.
   SInv:      It lets you see invisible.
Missiles
 s - 5 curare-tipped darts
Armour
 l - a +0 cloak (worn)
 C - +0 acid dragon scales (worn)
 J - a +1 pair of boots of flying (worn)
Magical Staves
 a - a staff of cold (weapon)
Jewellery
 k - a +6 ring of intelligence (left hand)
 q - an amulet of magic regeneration (around neck)
 r - a +4 ring of protection (right hand)
 D - a ring of see invisible
 L - a ring of resist corrosion
Wands
 p - a wand of iceblast (50)
 y - a wand of charming (6)
 I - a wand of paralysis (2)
Scrolls
 h - 2 scrolls of teleportation
 i - 2 scrolls of fear
 o - 3 scrolls of immolation
 u - a scroll of fog
 v - a scroll of enchant weapon
 z - 4 scrolls of holy word
 E - a scroll of enchant armour
Potions
 d - a potion of magic
 e - 2 potions of cancellation
 f - a potion of brilliance
 j - 3 potions of haste
 m - 3 potions of curing
 n - a potion of invisibility
 t - a potion of might
 x - a potion of mutation
 G - 5 potions of flight


   Skills:
 - Level 11.1 Fighting
 + Level 6.7 Armour
 + Level 3.1 Dodging
 - Level 1.7 Stealth
 - Level 4.0 Spellcasting
 + Level 2.1 Conjurations
 + Level 12.0 Ice Magic
 + Level 1.8 Air Magic
 + Level 5.2 Invocations
 - Level 5.0 Evocations


You had 2 spell levels left.
You knew the following spells:

 Your Spells              Type           Power      Damage    Failure   Level
a - Freeze                Ice            100%       1d11      1%          1
b - Frozen Ramparts       Ice            100%       1d12      1%          3
c - Ozocubu's Armour      Ice            93%        N/A       1%          3
d - Hailstorm             Conj/Ice       70%        3d15      3%          4
e - Freezing Cloud        Conj/Ice/Air   29%        6-21      19%         5

Your spell library contained the following spells:

 Spells                   Type           Power      Damage    Failure   Level
 Foxfire                  Conj/Fire      52%        2x1d6     4%          1
 Animate Skeleton         Necr           12%        N/A       6%          1
 Apportation              Tloc           12%        N/A       6%          1
 Pain                     Necr           24%        1d5       6%          1
 Summon Small Mammal      Summ           24%        N/A       6%          1
 Conjure Flame            Conj/Fire      13%        6-21      12%         3
 Inner Flame              Hex/Fire       6%         N/A       19%         3
 Tukima's Dance           Hex            6%         N/A       19%         3
 Flame Wave               Conj/Fire      13%        2d6       38%         4
 Anguish                  Hex/Necr       3%         N/A       52%         4
 Simulacrum               Ice/Necr       32%        N/A       63%         6
 Agony                    Necr           6%         N/A       86%         5
 Excruciating Wounds      Necr           3%         N/A       86%         5
 Enfeeble                 Hex            3%         N/A       100%        7
 Polar Vortex             Ice            46%        N/A       100%        9


Dungeon Overview and Level Annotations

Branches:
Dungeon (10/15)            Temple (1/1) D:6          Bailey (visited)
   Lair: D:8-11         Orc: D:9-12

Altars:
Ashenzari
Cheibriados
Fedhas
Gozag
Nemelex Xobeh
Qazlal
Ru
Uskayaw
Vehumet
Xom
Yredelemnul
Zin
The Shining One
Jiyva

Shops:
D:4 :   D:5 =

Annotations:
D:8 2 transporters, spaghetti's ghost, novice DDSu
D:10 Fannar


Innate Abilities, Weirdness & Mutations

You are amphibious.
You cover ground slowly.
You can hop short distances.
You have an extended range of vision and can be seen from far away.


Message History

Fannar mumbles some strange words.
Fannar drains the heat from the surrounding environment!
You resist.
* * * LOW HITPOINT WARNING * * *
You barely miss Fannar.
Fannar is severely wounded.
The ice beast barely misses you.
Fannar mumbles some strange words.
You closely miss Fannar.
Fannar is severely wounded.
The ice beast closely misses you. Fannar completely misses you.
The ice beast misses you.
You miss Fannar.
Fannar is severely wounded.
Fannar casts a spell.
The ice beast closely misses you. The ice beast barely misses you.
You hit Fannar.
Fannar is almost dead.
Fannar hits you with a +0 quarterstaff of freezing.
* * * LOW HITPOINT WARNING * * *
The ice beast hits you.
* * * LOW HITPOINT WARNING * * *
The ice beast freezes you. You resist.
* * * LOW HITPOINT WARNING * * *
The ice beast hits you but does no damage.
Hop to where?
Press: ? - help, Dir - move target, p - Fannar Boing!
Some snowflakes condense on Fannar.
Fannar gestures wildly while chanting.
Fannar drains the heat from the surrounding environment!
You resist.
* * * LOW HITPOINT WARNING * * *
Okay, then.
Your legs are too worn out to hop.
You barely miss the ice beast. The ice beast barely misses you. x2
Fannar gestures wildly while chanting.
Fannar drains the heat from the surrounding environment!
You resist.
You die...

.....# #..# #.# ..# .....#
#..# #.# ..# .....# #..#
#.# ...# .....# #..#
#.####...# .....#
#..#####........#.
.....####...<.............
..........................
...............Y........#
..............eY@.......#
..##...........Y........#
.. #....................#
. #..................>.# .
#..............$.....#
#......................
#......................
#.......####..####.....
#.......# #..# ..##.


You could see Fannar (corroded) and 3 ice beasts.

Vanquished Creatures
  Pikel (D:6)
  An orc knight (Bailey)
  Maggie (D:7)
  2 trolls
  Sigmund (D:3)
  4 yaks (D:9)
  A wyvern (D:8)
  A steam dragon (D:6)
  A water moccasin (D:8)
  7 orc warriors
  5 ice beasts
  2 black bears
  5 sky beasts
  An ogre (D:4)
  5 centaurs
  4 lemures (D:6)
  4 kobold brigands
  5 bullfrogs
  5 necrophages
  A gnoll sergeant (D:5)
  2 scorpions
  5 wights
  6 killer bees (D:8)
  10 howler monkeys
  2 orc priests
  2 hounds (D:4)
  6 jellies
  2 iguanas
  3 orc wizards
  14 gnolls
  4 adders
  3 white imps
  4 worms
  A dart slug (D:2)
  16 orcs
  6 ball pythons
  3 endoplasms
  A giant cockroach (D:2)
  12 goblins
  6 hobgoblins
  30 kobolds
  2 quokkas
  8 bats
  3 frilled lizards
  3 rats (D:3)
211 creatures vanquished.

Vanquished Creatures (collateral kills)
  A wight (D:6)
1 creature vanquished.

Vanquished Creatures (others)
  An orc (D:4)
  6 plants (D:8)
7 creatures vanquished.

Grand Total: 219 creatures vanquished

Notes
Turn   | Place    | Note
-------+----------+-------------------------------------------
     0 | D:1      | zishaf the Barachi Ice Elementalist began the quest for the
                  | Orb.
     0 | D:1      | Reached XP level 1. HP: 13/13 MP: 3/3
    71 | D:1      | Reached skill level 5 in Ice Magic
   161 | D:1      | Reached XP level 2. HP: 19/20 MP: 1/5
   257 | D:1      | Reached skill level 1 in Fighting
   741 | D:2      | Reached XP level 3. HP: 26/26 MP: 6/6
  1059 | D:2      | Learned a level 3 spell: Frozen Ramparts
  1063 | D:2      | Learned a level 3 spell: Ozocubu's Armour
  1272 | D:2      | Found a faded altar of an unknown god.
  1547 | D:2      | Reached XP level 4. HP: 28/33 MP: 3/8
  1553 | D:2      | Reached skill level 6 in Ice Magic
  2096 | D:3      | Noticed Sigmund
  2103 | D:3      | Killed Sigmund
  2104 | D:3      | Reached skill level 7 in Ice Magic
  2104 | D:3      | Reached XP level 5. HP: 38/41 MP: 2/9
  2104 | D:3      | Reached XP level 6. HP: 44/47 MP: 2/10
  3021 | D:4      | Reached skill level 8 in Ice Magic
  3138 | D:4      | Noticed a black bear
  3150 | D:4      | Killed a black bear
  3151 | D:4      | Reached XP level 7. HP: 36/55 MP: 7/11
  3401 | D:4      | You fall into a shaft and drop 1 floor!
  3401 | D:5      | Entered Level 5 of the Dungeon
  3519 | D:5      | HP: 1/55 [gnoll sergeant/+0 trident (7)]
  3526 | D:5      | Reached skill level 5 in Fighting
  3526 | D:5      | Reached skill level 9 in Ice Magic
  3836 | D:5      | Found Ryhuenyc's Jewellery Boutique.
  3908 | D:4      | Found Xeggi's Book Emporium.
  4463 | D:5      | Reached XP level 8. HP: 43/63 MP: 12/12
  4735 | D:5      | Reached skill level 10 in Ice Magic
  5027 | D:6      | Found a staircase to the Ecumenical Temple.
  5037 | Temple   | Entered the Ecumenical Temple
  5120 | Temple   | Became a worshipper of Cheibriados the Contemplative
  5222 | D:6      | Noticed Pikel
  5231 | D:6      | Killed Pikel
  6004 | D:6      | Reached XP level 9. HP: 56/75 MP: 11/13
  6013 | D:6      | Reached skill level 10 in Fighting
  7125 | D:7      | Reached skill level 1 in Armour
  7175 | D:7      | Noticed Maggie
  7189 | D:7      | Killed Maggie
  7190 | D:7      | Reached skill level 1 in Invocations
  7190 | D:7      | Reached skill level 1 in Evocations
  7300 | D:7      | Noticed a troll
  7310 | D:7      | Killed a troll
  7450 | D:7      | Reached * piety under Cheibriados
  7451 | D:7      | Reached XP level 10. HP: 87/87 MP: 16/16
  7739 | D:7      | Reached skill level 11 in Ice Magic
  8166 | D:8      | Found a transporter.
  8166 | D:8      | Found a transporter.
  8252 | D:8      | Identified the ring "Seus" {MP+9 Str-3 Dex+8 Slay+6}
  8255 | D:8      | Identified the +7 spear of Hikil {chaos, Str+8 Int+4}
  8259 | D:8      | Noticed spaghetti's ghost (novice DDSu)
  8296 | D:8      | Reached ** piety under Cheibriados
  8339 | D:8      | Found a flagged portal.
  8352 | Bailey   | Entered a bailey
  8361 | Bailey   | Noticed an orc knight
  8363 | Bailey   | Identified the +1 flail "Rysteeq" {vamp, rN+ Int+2 SInv}
  8374 | Bailey   | Reached skill level 5 in Armour
  8411 | Bailey   | Killed an orc knight
  8533 | Bailey   | Identified the +6 quarterstaff "Ruifumih" {drain, rF- Will+
                  | Int+3}
  8573 | Bailey   | Paralysed by a kobold for 6 turns
  8583 | Bailey   | Reached skill level 5 in Evocations
  8608 | Bailey   | Reached *** piety under Cheibriados
  9313 | D:8      | Learned a level 4 spell: Hailstorm
  9656 | D:9      | Learned a level 5 spell: Freezing Cloud
  9678 | D:9      | Reached XP level 11. HP: 93/93 MP: 12/17
  9680 | D:9      | Reached skill level 1 in Conjurations
  9683 | D:9      | Reached skill level 1 in Air Magic
  9687 | D:9      | Reached skill level 5 in Invocations
  9693 | D:9      | Reached skill level 12 in Ice Magic
  9711 | D:9      | Reached **** piety under Cheibriados
  9908 | D:9      | Found a viscous altar of Jiyva.
 10487 | D:10     | Entered Level 10 of the Dungeon
 10519 | D:10     | Noticed Fannar
 10541 | D:10     | Killed from afar by Fannar

Illustrated notes

Levels and vault maps discovered:
D:1:      sevenhm_arrival_forest_fort_small_3, layout_rooms, serial_curves,
          eino_curves_02, eino_curves_03
D:2:      layout_loops_ring, shapermc_ecumenical_altar_venn
D:3:      layout_loops_ring, kennysheep_generic_room_2, uniq_sigmund
D:4:      layout_loops_ring, serial_shops, shop
D:5:      layout_cave_pools, serial_shops, nicolae_stop_n_shop_2,
          hangedman_decor_push
D:6:      layout_gridville, minmay_temple_entry_slanted,
          minmay_misc_feat_enclosed, uniq_pikel
D:7:      minmay_s_stair_smasher, layout_rooms, uniq_maggie
D:8:      layout_basic, gammafunk_ghost_gnarly_gnolls, enter_bailey_4,
          st_stairs_5
D:9:      layout_roguey, jiyva_altar_1
D:10:     layout_long_grid, minmay_overflow_temple_star_hex,
          okawaru_metal_pillars_1_2, minmay_misc_feat_encased, uniq_psyche,
          uniq_fannar
Temple:   regret_index_temple_sphere_string

Skill      XL: |  1  2  3  4  5  6  7  8  9 10 11 |
---------------+----------------------------------+-----
Ice Magic      | 5 7 8 9 10 11 12 | 12.0
Fighting       | 1 3 4 5 9 11 | 11.1
Spellcasting   | 3 4 |  4.0
Armour         | 3 6 |  6.7
Invocations    | 2 4 5 |  5.2
Evocations     | 3 5 |  5.0
Conjurations   | 2 |  2.1
Air Magic      | 1 |  1.8
Dodging        | 3 |  3.1
Stealth        | |  1.7

Action                   |  1- 3 |  4- 6 |  7- 9 | 10-12 || total
-------------------------+-------+-------+-------+-------++-------
Melee: Short sword       |    10 |       |    30 |       ||    40
       Dagger            |    38 |    42 |    30 |       ||   110
       Punch             |     1 |     1 |     2 |     2 ||     6
       Staff             |       |       |    62 |   167 ||   229
       Falchion          |       |       |     6 |     2 ||     8
       Scimitar          |       |       |     1 |    13 ||    14
 Fire: Hunting sling     |     4 |       |     3 |       ||     7
Throw: Dart              |       |     2 |     5 |       ||     7
 Cast: Freeze            |    28 |     6 |    53 |     5 ||    92
       Frozen Ramparts   |     1 |     4 |    21 |    29 ||    55
       Ozocubu's Armour  |       |     2 |     8 |    13 ||    23
 Abil: Hop               |       |       |     4 |     5 ||     9
Evoke: Wand              |       |       |    10 |     6 ||    16
  Use: Scroll            |       |       |    14 |     3 ||    17
       Potion            |       |       |       |     1 ||     1
 Stab: Sleeping          |     2 |       |       |       ||     2
       Betrayed ally     |       |       |     1 |       ||     1
Armor: Robe              |     6 |    13 |    65 |       ||    84
       Acid dragon scale |       |       |     8 |   100 ||   108
Dodge: Dodged            |    29 |    23 |   120 |   167 ||   339

Table legend: (Time is in decaauts)
 A = Elapsed time spent in this place.
 B = Non-inter-level travel time spent in this place.
 C = Inter-level travel time spent in this place.
 D = Time resting spent in this place.
 E = Time spent auto-exploring this place.
 F = Levels seen in this place.
 G = Mean time per level.
                   A        B        C        D        E       F      G
               +--------+--------+--------+--------+--------+-----+--------+
         Total |  13369 |  12589 |    780 |   1003 |   8823 |  12 | 1114.1 |
       Dungeon |  12754 |  12007 |    747 |    936 |   8716 |  10 | 1275.4 |
        Temple |    123 |     91 |     32 |      0 |     79 |   1 |  123.0 |
        Bailey |    491 |    491 |      0 |     67 |     27 |   1 |  491.0 |
               +--------+--------+--------+--------+--------+-----+--------+

Top non-repeatable levels by time:
     D:6: 2073 daAuts
     D:8: 1907 daAuts
     D:2: 1516 daAuts
     D:5: 1502 daAuts
     D:7: 1424 daAuts
     D:9: 1366 daAuts
     D:3: 1048 daAuts
     D:4: 1021 daAuts
     D:1: 804 daAuts
  Bailey: 491 daAuts
  Temple: 123 daAuts
    D:10: 89 daAuts
